 Dungeon Crawl Stone Soup version 0.30-a0-672-gc3a7216ad8 (webtiles) character file.

Game seed: 653120375349064650

203 bande the Chopper (level 5, -6/47 HPs)
             Began as a Hill Orc Fighter on Jan 19, 2023.
             Succumbed to Edmund's poison
             ... on level 4 of the Dungeon.
             The game lasted 00:04:26 (2718 turns).

bande the Chopper (Hill Orc Fighter)                Turns: 2718, Time: 00:04:26

Health: -6/47      AC:  8    Str: 19    XL:     5   Next: 81%
Magic:  5/5        EV:  9    Int:  8    God:
Gold:   182        SH:  4    Dex: 12    Spells: 4/4 levels left

rFire   . . .      SeeInvis .    q - +3 war axe (freeze)
rCold   . . .      Faith    .    c - +0 buckler
rNeg    . . .      Spirit   .    b - +0 scale mail
rPois   .          Reflect  .    (no helmet)
rElec   .          Harm     .    k - +0 cloak
rCorr   .          Rampage  .    (no gloves)
Will    .....                    (no boots) Stlth
                                 (no amulet)
HPRegen 0.27/turn                (no ring)
MPRegen 0.09/turn                (no ring)

@: lethally poisoned (-6 -> -31)
A: no striking features
a: no special abilities


You were on level 4 of the Dungeon.
You visited 1 branch of the dungeon, and saw 4 of its levels.

You collected 182 gold pieces.

Inventory:

Hand Weapons
 a - a +0 war axe
 p - a +0 war axe
 q - a +3 war axe of freezing (weapon)
Missiles
 m - 2 throwing nets (quivered)
Armour
 b - a +0 scale mail (worn)
 c - a +0 buckler (worn)
 k - a +0 cloak (worn)
Jewellery
 o - a ring of resist corrosion
Scrolls
 f - a scroll of magic mapping
 i - 3 scrolls of identify
 l - 3 scrolls of silence
Potions
 d - a potion of might
 e - a potion of ambrosia
 g - a potion of mutation
 h - a potion of curing
 j - a potion of resistance


   Skills:
 + Level 4.7 Fighting
 + Level 5.4 Axes
 + Level 4.5 Armour
 + Level 3.7 Shields


You had 4 spell levels left.
You didn't know any spells.
Your spell library contained the following spells:

 Spells                   Type           Power      Damage    Failure   Level
 Cigotuvi's Dreadful Rot  Necr/Pois/Air  0%         N/A       94%         2
 Poisonous Vapours        Pois/Air       0%         N/A       94%         2
 Mephitic Cloud           Conj/Pois/Air  0%         N/A       99%         3
 Ozocubu's Armour         Ice            0%         N/A       99%         3
 Ozocubu's Refrigeration  Ice            0%         4d7       100%        7


Dungeon Overview and Level Annotations

Branches:
Dungeon (4/15)
 Temple: D:4-7

Altars:

Annotations:
D:4 Edmund


Message History

The +4 war axe "Killer Bee's Peril" {freeze, rElec rF+ Will-} stops glowing.
Your +3 war axe of freezing glows with a cold blue light!
q - a +3 war axe of freezing (weapon)
You drop the +4 war axe "Killer Bee's Peril" {freeze, rElec rF+ Will-}.
Found 3 stones.
Edmund the Younger comes into view.
He is wielding a +6 dire flail of venom.
Edmund shouts!
Edmund hits you but does no damage.
You slash Edmund! You freeze Edmund.
Edmund is moderately wounded.
Edmund hits you with a +6 dire flail of venom!
You are poisoned.
You hit Edmund but do no damage.
Edmund is moderately wounded.
You feel very sick. Edmund closely misses you.
You hit Edmund. You freeze Edmund.
Edmund is heavily wounded.
You feel very sick.
Edmund hits you with a +6 dire flail of venom!
* * * LOW HITPOINT WARNING * * *
You are lethally poisoned!
Edmund barely misses you.
You are too injured to fight recklessly!
You are too injured to fight recklessly!
You are too injured to fight recklessly!
You are too injured to fight recklessly!
You are too injured to fight recklessly!
You are too injured to fight recklessly!
You are too injured to fight recklessly!
You slash Edmund! You freeze Edmund.
Edmund is severely wounded.
* * * LOW HITPOINT WARNING * * *
You feel extremely sick.
Edmund hits you with a +6 dire flail of venom.
* * * LOW HITPOINT WARNING * * *
You are more poisoned.
You hit Edmund. You freeze Edmund.
Edmund is almost dead.
You die...

+..## .......
##.######.......
#.....).........
##.####.###...#
#......># ...##
######..##(..#
##........#
#..###.#..# ####
#.#@.# #.#@.#
#.#..# .....#
###.## #.. ###


You could see Edmund.

Vanquished Creatures
  A hound (D:3)
  2 iguanas (D:4)
  3 gnolls (D:2)
  2 adders (D:3)
  2 worms (D:3)
  A dart slug (D:3)
  6 ball pythons
  7 bats
  4 endoplasms
  A giant cockroach (D:3)
  12 goblins
  3 hobgoblins
  6 jackals
  6 kobolds
  3 quokkas
  3 frilled lizards
  3 rats (D:1)
65 creatures vanquished.

Notes
Turn   | Place    | Note
-------+----------+-------------------------------------------
     0 | D:1      | bande the Hill Orc Fighter began the quest for the Orb.
     0 | D:1      | Reached XP level 1. HP: 19/19 MP: 1/1
   310 | D:1      | Reached XP level 2. HP: 25/27 MP: 2/2
   355 | D:1      | Reached skill level 3 in Axes
   444 | D:1      | Reached XP level 3. HP: 24/33 MP: 3/3
   993 | D:2      | HP: 1/33 [gnoll/+0 whip (4)]
   997 | D:2      | Reached skill level 4 in Axes
   997 | D:2      | Reached XP level 4. HP: 7/40 MP: 4/4
  1879 | D:3      | Reached XP level 5. HP: 47/47 MP: 5/5
  1942 | D:3      | Reached skill level 5 in Axes
  2279 | D:3      | Identified the +4 war axe "Killer Bee's Peril" {freeze,
                  | rElec rF+ Will-}
  2711 | D:4      | Noticed Edmund
  2717 | D:4      | HP: 1/47 [Edmund/+6 dire flail of venom (5)]
  2718 | D:4      | Succumbed to Edmund's poison

Illustrated notes

Levels and vault maps discovered:
D:1:      eino_arrival_water_cross, layout_loops_ring, minmay_heptomino_w4
D:2:      layout_rooms
D:3:      layout_loops_ring
D:4:      layout_loops_ring, nicolae_shop_fire_sale [nicolae_sub_dead_trees],
          kennysheep_dice, uniq_edmund, uniq_crazy_yiuf_cottage

Skill      XL: |  1  2  3  4  5 |
---------------+----------------+-----
Fighting       | 4 |  4.7
Axes           | 3 4 5 |  5.4
Armour         | 4 |  4.5
Shields        | |  3.7

Action                   |  1- 3 |  4- 6 || total
-------------------------+-------+-------++-------
Melee: War axe           |    81 |    88 ||   169
  Use: Scroll            |     6 |     3 ||     9
       Potion            |     1 |       ||     1
Armor: Scale mail        |    41 |    38 ||    79
Dodge: Dodged            |    54 |    36 ||    90
Block: Buckler           |    22 |    16 ||    38

Table legend: (Time is in decaauts)
 A = Elapsed time spent in this place.
 B = Non-inter-level travel time spent in this place.
 C = Inter-level travel time spent in this place.
 D = Time resting spent in this place.
 E = Time spent auto-exploring this place.
 F = Levels seen in this place.
 G = Mean time per level.
                   A        B        C        D        E       F      G
               +--------+--------+--------+--------+--------+-----+--------+
         Total |   2775 |   2605 |    170 |    484 |   1621 |   4 |  693.8 |
       Dungeon |   2775 |   2605 |    170 |    484 |   1621 |   4 |  693.8 |
               +--------+--------+--------+--------+--------+-----+--------+

Top non-repeatable levels by time:
     D:3: 975 daAuts
     D:2: 831 daAuts
     D:1: 779 daAuts
     D:4: 189 daAuts
